 Dungeon Crawl Stone Soup version 0.20.1-1-g8b1a95d (webtiles) character file.

302 gungr the Changer (level 6, -13/38 HPs)
             Began as an Octopode Transmuter on Nov 8, 2017.
             Mangled by an ice beast (18 damage)
             ... on level 5 of the Dungeon.
             The game lasted 00:12:52 (4306 turns).

gungr the Changer (Octopode Transmuter)             Turns: 4306, Time: 00:12:52

Health: -13/38     AC:  2    Str:  9    XL:     6   Next: 37%
Magic:  6/9        EV: 19    Int: 18    God:
Gold:   215        SH:  0    Dex: 17    Spells: 3/9 levels left

rFire    + . .     SeeInvis .     - Unarmed
rCold    x . .     Gourm    .   (shield currently unavailable)
rNeg     . . .     Faith    .   (helmet currently unavailable)
rPois    x         Spirit   .   (no amulet)
rElec    .         Reflect  .   q - ring of fire
rCorr    .         Harm     .   (no ring)
MR       .....                  (no ring)
Stlth    ++........             (no ring)
Regen    0.2/turn               (no ring)
MPRegen  0.2/turn               (no ring)
                                (no ring)
                                (no ring)

@: spider-form
A: almost no armour, stealthy swim, (amphibious), 8 rings, (constrict 8)
a: End Transformation


You were on level 5 of the Dungeon.
You were not hungry.
You were a venomous arachnid creature.
You visited 1 branch of the dungeon, and saw 5 of its levels.

You collected 215 gold pieces.

Inventory:

Missiles
 l - 20 arrows
Armour
 n - a cursed +0 buckler (melded)
Jewellery
 q - a ring of fire (left front leg)
Scrolls
 c - 2 scrolls of blinking
 g - a scroll of teleportation
 i - a scroll of fog {unknown}
 j - a scroll of amnesia
 k - a scroll of enchant armour {unknown}
 m - a scroll of fear
 p - 3 scrolls of enchant weapon {unknown}
 r - a scroll of immolation {unknown}
Potions
 a - a potion of might
 d - a potion of curing
 e - 2 potions of haste {unknown}
 f - 2 potions of agility
Books
 b - a book of Changes

   Spells                             Type                      Level
   a - Beastly Appendage              Transmutation                1
   b - Sticks to Snakes               Transmutation                2
   c - Spider Form                    Transmutation/Poison         3
   d - Ice Form                       Ice/Transmutation            4
   e - Blade Hands                    Transmutation                5
Miscellaneous
 o - a crystal ball of energy
Comestibles
 h - 2 fruits


   Skills:
 - Level 1.0 Fighting
 - Level 2.0 Dodging
 - Level 5.0 Unarmed Combat
 - Level 2.0 Spellcasting
 * Level 5.1 Transmutations


You had 3 spell levels left.
You knew the following spells:

 Your Spells              Type           Power        Failure   Level  Hunger
a - Beastly Appendage     Tmut           ###...       9%          1    #......
b - Sticks to Snakes      Tmut           ###.....     11%         2    ###....
c - Spider Form           Tmut/Pois      ##........   38%         3    ###....


Dungeon Overview and Level Annotations

Branches:
Dungeon (5/15)
 Temple: D:4-7

Altars:
Ru

Annotations:
D:4 slayr's ghost, novice DsAK


Innate Abilities, Weirdness & Mutations

You cannot wear most types of armour.
You are very stealthy in the water. (Stealth+)
((You are amphibious.))
You can wear up to eight rings at the same time.
((You can use your tentacles to constrict eight enemies at once.))
((Your skin changes colour to match your surroundings (Stealth+).))
((Your rubbery body absorbs attacks. (AC +1, EV +1)))


Message History

A centaur skeleton comes into view.
The ice beast hits you. The ice beast freezes you!
You feel a terrible chill! The ice beast hits you. The ice beast freezes you!
You feel a terrible chill!
* * * LOW HITPOINT WARNING * * *
There is a stone staircase leading up here.
Casting: Spider Form
Confirm with . or Enter, or press ? or * to list all spells.
You turn into a venomous arachnid creature.
Your cursed +0 buckler melds into your body.
The dart slug launches a dart at you. The slug dart misses you.
The ice beast completely misses you.
You hit the ice beast.
The ice beast is lightly wounded.
The ice beast closely misses you.
You hit the ice beast but do no damage.
The ice beast is lightly wounded.
The ice beast hits you.
* * * LOW HITPOINT WARNING * * *
The ice beast freezes you!!
You feel a terrible chill!
You die...

.........##.. .#...........
#....%...... ...........
..Z.....# #......# #.. ...
#......###+# .. ...
#...sY.###_+ J. ....
#......###+# .# .....
#......# #.# ..#### .....#
#......###.###......
..$..Y#####.#w...........#
............#............##
...###..###(......†<.#)...#
#.............#...##.#
##.###..................


You could see an ice beast, a dart slug and a centaur skeleton.

Vanquished Creatures
  A howler monkey (D:3)
  A hound (D:4)
  2 worker ants (D:4)
  6 adders
  2 adder zombies (D:1)
  4 worms (D:2)
  A dart slug (D:1)
  5 leopard geckos
  5 orcs
  2 ball pythons (D:1)
  6 giant cockroaches
  8 goblins
  5 hobgoblins
  A quokka (D:2)
  9 bats
  2 frilled lizards
  9 kobolds
  A quokka skeleton (D:3)
  7 rats
77 creatures vanquished.

Vanquished Creatures (collateral kills)
  The ghost of homeworkjunkie the Covered, a weakling HOFi (D:3)
  A worm (D:3)
  A bat (D:3)
  A rat (D:3)
4 creatures vanquished.

Grand Total: 81 creatures vanquished

Notes
Turn   | Place    | Note
-------+----------+-------------------------------------------
     0 | D:1      | gungr the Octopode Transmuter began the quest for the Orb.
     0 | D:1      | Reached XP level 1. HP: 13/13 MP: 3/3
    25 | D:1      | Reached XP level 2. HP: 5/18 MP: 5/5
   486 | D:1      | Reached XP level 3. HP: 19/23 MP: 6/6
  1117 | D:1      | Learned a level 2 spell: Sticks to Snakes
  1640 | D:2      | Reached XP level 4. HP: 26/28 MP: 7/7
  1843 | D:2      | Reached skill level 5 in Unarmed Combat
  2429 | D:3      | Reached XP level 5. HP: 20/33 MP: 3/8
  2685 | D:3      | Noticed homeworkjunkie's ghost (weakling HOFi)
  2703 | D:3      | Killed homeworkjunkie's ghost
  3264 | D:3      | Learned a level 3 spell: Spider Form
  3451 | D:4      | Reached XP level 6. HP: 11/38 MP: 9/9
  3480 | D:4      | HP: 1/38 [poisoned by a worker ant]
  3858 | D:4      | Reached skill level 5 in Transmutations
  4047 | D:4      | Noticed a hungry ghost
  4061 | D:4      | Noticed a phantom
  4133 | D:5      | Entered Level 5 of the Dungeon
  4181 | D:5      | Noticed an ice beast
  4187 | D:5      | Found a sacrificial altar of Ru.
  4302 | D:4      | Noticed slayr's ghost (novice DsAK)
  4306 | D:5      | Mangled by an ice beast

Skill      XL: |  1  2  3  4  5  6 |
---------------+-------------------+-----
Unarmed Combat | 4 5 |  5.0
Transmutations | 3 4 5 |  5.1
Fighting       | |  1.0
Dodging        | |  2.0
Spellcasting   | |  2.0

Action                   |  1- 3 |  4- 6 || total
-------------------------+-------+-------++-------
Melee: Unarmed           |    98 |   107 ||   205
       Constrict         |    22 |    26 ||    48
       Punch             |     2 |     2 ||     4
       Tentacles         |    10 |    16 ||    26
       Kick              |       |     5 ||     5
 Cast: Beastly Appendage |     1 |     4 ||     5
       Sticks to Snakes  |       |    15 ||    15
       Spider Form       |       |     2 ||     2
  Use: Scroll            |     5 |     4 ||     9
       Potion            |       |     4 ||     4
 Stab: Sleeping          |    15 |     5 ||    20
  Eat: Bread ration      |     1 |       ||     1
       Meat ration       |       |     1 ||     1
       Royal jelly       |       |     1 ||     1
       Fruit             |       |     1 ||     1
Armor: Skin              |     5 |    10 ||    15
Dodge: Dodged            |    49 |    58 ||   107
Block: Buckler           |       |     2 ||     2
